[ PARTIDA AOE2 · #507023337 ]
UnrankedChinos vs Persians
Equipo del jugador · DERR
Equipo rival · VICT
[ ANÁLISIS DE REPETICIÓN · EXTRAÍDO DE LA PARTIDA GRABADA ]
Feudal
10:28
Castillos
24:13
Imperial
36:33
| APM promedio | 62.9 |
| APM pico | 112 |
| eAPM promedio | 39.1 |
| Aldeanos / militares | 113 / 91 |
Foco
⚔️ 59.8% · 🌾 40.2%
Archer ×46 · Chu Ko Nu ×24 · Knight ×5 · Monk ×4 · Militia ×4 · Trebuchet (Packed) ×4
Feudal
9:39
Castillos
18:44
Imperial
35:43
| APM promedio | 62.4 |
| APM pico | 130 |
| eAPM promedio | 35.1 |
| Aldeanos / militares | 166 / 65 |
Foco
⚔️ 27.3% · 🌾 72.7%
Knight ×50 · Archer ×6 · Trebuchet (Packed) ×3 · Mangonel ×2 · Scorpion ×2 · War Elephant ×2
Mapa de la partida
Recursos iniciales + cada clic de construcción. Líneas = muros · curvas = relieve. ◆ oro · ⬟ piedra · ● bayas · ✦ reliquia · ◌ hueco del cierre
Tu base· ✓ Cerrada en 24:13 · 40t muro · sin puerta
Base de Mutn· ✓ Cerrada en 18:44 · 41t muro · sin puerta
Terreno inicial suavizado · ◌ = hueco del cierre detectado · pasá el cursor para detalles
Inputs por minuto
— KIV.YourAddHere - - Mutn
Build order — KIV.YourAddHere
Primeras 150 de 258 acciones detectadas
| 0:00 | Investigar | Loom |
| 0:02 | Construir | House |
| 0:48 | Crear | Villager (Male) |
| 1:16 | Crear | Villager (Male) |
| 1:44 | Crear | Villager (Male) |
| 2:06 | Crear | Villager (Male) |
| 2:25 | Crear | Villager (Male) |
| 2:54 | Construir | House |
| 3:00 | Crear | Villager (Male) |
| 3:14 | Crear | Villager (Male) |
| 3:15 | Crear | Villager (Male) |
| 3:53 | Crear | Villager (Male) |
| 3:53 | Crear | Villager (Male) |
| 4:09 | Construir | Barracks |
| 4:20 | Crear | Villager (Male) |
| 4:20 | Crear | Villager (Male) |
| 4:40 | Construir | House |
| 5:02 | Crear | Villager (Male) |
| 5:14 | Crear | Militia |
| 5:22 | Crear | Villager (Male) |
| 5:43 | Crear | Militia |
| 5:59 | Construir | Mill |
| 6:01 | Crear | Villager (Male) |
| 6:04 | Crear | Villager (Male) |
| 6:13 | Crear | Militia |
| 6:54 | Crear | Villager (Male) |
| 7:17 | Construir | House |
| 7:18 | Crear | Villager (Male) |
| 8:18 | Investigar | Feudal Age |
| 8:22 | Construir | Lumber Camp |
| 9:06 | Construir | Farm |
| 9:09 | Construir | Farm |
| 9:39 | Crear | Militia |
| 9:52 | Construir | Mining Camp |
| 10:28 | Edad | Edad Feudal |
| 10:33 | Crear | Villager (Male) |
| 10:35 | Investigar | Double-Bit Axe |
| 10:36 | Investigar | Horse Collar |
| 10:55 | Crear | Spearman |
| 11:05 | Investigar | Man-at-Arms (upgrade) |
| 11:06 | Crear | Villager (Male) |
| 11:10 | Construir | Archery Range |
| 11:32 | Construir | Farm |
| 11:41 | Crear | Villager (Male) |
| 11:46 | Construir | House |
| 11:59 | Crear | Villager (Male) |
| 12:02 | Investigar | Town Watch |
| 12:10 | Crear | Skirmisher |
| 12:23 | Crear | Archer |
| 12:49 | Crear | Villager (Male) ×4 |
| 12:55 | Construir | House |
| 13:05 | Construir | Archery Range |
| 13:06 | Construir | House |
| 13:18 | Crear | Villager (Male) |
| 13:32 | Crear | Archer |
| 13:34 | Crear | Villager (Male) |
| 13:38 | Construir | Farm |
| 14:08 | Crear | Archer ×2 |
| 14:11 | Construir | House |
| 14:14 | Construir | House |
| 14:15 | Crear | Villager (Male) |
| 14:37 | Construir | Palisade Wall |
| 14:39 | Construir | House |
| 14:41 | Construir | Palisade Wall |
| 14:46 | Construir | Palisade Wall |
| 14:47 | Crear | Archer ×2 |
| 14:51 | Crear | Villager (Male) ×3 |
| 14:56 | Construir | House |
| 14:59 | Crear | Archer |
| 14:59 | Crear | Archer |
| 15:10 | Construir | Farm |
| 15:15 | Crear | Archer |
| 15:17 | Crear | Villager (Male) ×2 |
| 15:23 | Crear | Archer |
| 15:47 | Construir | Lumber Camp |
| 16:00 | Crear | Archer ×2 |
| 16:01 | Crear | Villager (Male) |
| 16:08 | Crear | Archer ×3 |
| 16:21 | Construir | House |
| 16:23 | Construir | Palisade Wall |
| 16:29 | Crear | Villager (Male) |
| 16:40 | Crear | Archer ×2 |
| 16:48 | Construir | Blacksmith |
| 16:50 | Construir | House |
| 16:56 | Crear | Archer ×3 |
| 17:07 | Construir | Farm |
| 17:28 | Construir | Farm |
| 17:34 | Construir | Farm |
| 17:37 | Crear | Archer ×5 |
| 17:42 | Investigar | Fletching |
| 17:46 | Investigar | Padded Archer Armor |
| 17:49 | Crear | Archer |
| 17:49 | Crear | Archer |
| 18:01 | Construir | House |
| 18:03 | Construir | Palisade Wall |
| 18:04 | Construir | House |
| 18:06 | Construir | House |
| 18:15 | Construir | House |
| 18:19 | Crear | Villager (Male) |
| 18:24 | Construir | Farm |
| 18:26 | Construir | Farm |
| 18:33 | Crear | Archer ×3 |
| 18:33 | Crear | Archer ×3 |
| 18:33 | Crear | Archer |
| 18:37 | Crear | Villager (Male) ×2 |
| 19:04 | Construir | Market |
| 19:10 | Crear | Villager (Male) |
| 19:20 | Construir | Farm |
| 19:23 | Construir | Farm |
| 19:37 | Crear | Villager (Male) |
| 19:49 | Construir | Farm |
| 20:34 | Construir | Watch Tower |
| 20:42 | Construir | Lumber Camp |
| 21:33 | Investigar | Castle Age |
| 21:57 | Crear | Villager (Male) |
| 21:59 | Construir | Farm |
| 22:22 | Crear | Villager (Male) |
| 22:25 | Construir | Farm |
| 22:36 | Construir | House |
| 22:38 | Construir | House |
| 22:40 | Construir | House |
| 22:41 | Construir | House |
| 22:49 | Construir | Mining Camp |
| 22:57 | Construir | Mining Camp |
| 23:10 | Crear | Villager (Male) |
| 23:13 | Investigar | Gold Mining |
| 23:22 | Construir | House |
| 23:45 | Construir | Stable |
| 23:47 | Crear | Archer |
| 23:47 | Crear | Archer |
| 24:10 | Crear | Villager (Male) |
| 24:13 | Edad | Edad de los Castillos |
| 24:16 | Investigar | Crossbowman (upgrade) |
| 24:25 | Crear | Villager (Male) |
| 24:27 | Investigar | Wheelbarrow |
| 24:31 | Investigar | Bodkin Arrow |
| 24:42 | Crear | Villager (Male) |
| 24:46 | Crear | Knight |
| 24:51 | Crear | Villager (Male) |
| 24:54 | Construir | Farm |
| 25:00 | Construir | Farm |
| 25:03 | Crear | Knight |
| 25:04 | Crear | Knight |
| 25:11 | Construir | Farm |
| 25:12 | Construir | Farm |
| 25:12 | Construir | Farm |
| 25:33 | Crear | Villager (Male) ×2 |
| 25:35 | Construir | Monastery |
| 25:45 | Crear | Villager (Male) |
| 25:53 | Construir | Siege Workshop |
Build order — Mutn
Primeras 150 de 376 acciones detectadas
| 0:00 | Crear | Villager (Male) |
| 0:01 | Crear | Villager (Male) |
| 0:02 | Construir | House |
| 0:04 | Construir | House |
| 0:09 | Crear | Villager (Male) |
| 0:20 | Crear | Villager (Male) |
| 0:30 | Crear | Villager (Male) |
| 0:31 | Crear | Villager (Male) |
| 1:23 | Crear | Villager (Male) |
| 1:52 | Construir | Lumber Camp |
| 1:57 | Crear | Villager (Male) |
| 1:57 | Crear | Villager (Male) |
| 2:21 | Crear | Villager (Male) |
| 2:48 | Crear | Villager (Male) |
| 3:24 | Crear | Villager (Male) |
| 3:24 | Crear | Villager (Male) |
| 3:38 | Construir | House |
| 3:52 | Crear | Villager (Male) |
| 4:13 | Crear | Villager (Male) |
| 4:19 | Construir | Mill |
| 4:41 | Crear | Villager (Male) |
| 4:41 | Crear | Villager (Male) |
| 4:45 | Crear | Villager (Male) |
| 4:45 | Crear | Villager (Male) |
| 5:00 | Construir | House |
| 5:32 | Crear | Villager (Male) |
| 5:32 | Crear | Villager (Male) |
| 5:50 | Crear | Villager (Male) |
| 6:16 | Crear | Villager (Male) |
| 6:19 | Investigar | Loom |
| 6:35 | Crear | Villager (Male) |
| 6:36 | Investigar | Loom |
| 7:09 | Construir | Barracks |
| 7:35 | Investigar | Feudal Age |
| 7:47 | Construir | House |
| 7:49 | Construir | Palisade Wall |
| 8:03 | Construir | Mining Camp |
| 8:07 | Construir | Palisade Wall |
| 8:26 | Crear | Villager (Male) |
| 8:32 | Construir | Palisade Wall |
| 8:44 | Construir | Palisade Wall |
| 9:02 | Construir | Palisade Wall |
| 9:28 | Crear | Villager (Male) |
| 9:39 | Edad | Edad Feudal |
| 9:40 | Construir | Archery Range |
| 9:55 | Construir | Palisade Wall |
| 9:56 | Construir | Palisade Wall |
| 9:59 | Construir | Palisade Wall |
| 10:27 | Crear | Villager (Male) |
| 10:28 | Crear | Archer |
| 10:38 | Construir | Palisade Wall |
| 10:47 | Crear | Villager (Male) |
| 10:58 | Construir | House |
| 11:01 | Construir | Palisade Wall |
| 11:07 | Crear | Archer |
| 11:08 | Crear | Villager (Male) |
| 11:12 | Construir | Farm |
| 11:21 | Crear | Villager (Male) |
| 11:39 | Crear | Archer |
| 11:42 | Construir | Farm |
| 11:53 | Construir | Farm |
| 12:00 | Crear | Villager (Male) |
| 12:02 | Crear | Villager (Male) |
| 12:03 | Crear | Villager (Male) |
| 12:56 | Crear | Villager (Male) |
| 12:58 | Crear | Archer |
| 12:59 | Crear | Archer |
| 12:59 | Crear | Villager (Male) |
| 13:08 | Construir | Farm |
| 13:17 | Construir | Palisade Wall |
| 13:20 | Construir | Farm |
| 13:39 | Construir | House |
| 14:09 | Crear | Villager (Male) |
| 14:12 | Construir | House |
| 14:24 | Construir | Farm |
| 14:25 | Construir | Farm |
| 14:33 | Construir | House |
| 14:35 | Crear | Villager (Male) |
| 14:57 | Crear | Villager (Male) |
| 15:00 | Construir | Farm |
| 15:29 | Crear | Villager (Male) |
| 15:33 | Construir | Blacksmith |
| 15:42 | Crear | Archer |
| 15:55 | Crear | Villager (Male) |
| 16:13 | Construir | Farm |
| 16:14 | Construir | Farm |
| 16:14 | Investigar | Castle Age |
| 16:28 | Construir | Palisade Wall |
| 16:32 | Construir | Palisade Wall |
| 16:46 | Investigar | Double-Bit Axe |
| 16:46 | Investigar | Double-Bit Axe |
| 17:04 | Investigar | Horse Collar |
| 17:34 | Construir | House |
| 17:35 | Construir | House |
| 17:36 | Construir | House |
| 17:43 | Crear | Villager (Male) |
| 17:45 | Crear | Villager (Male) |
| 18:44 | Edad | Edad de los Castillos |
| 18:45 | Construir | Town Center |
| 18:58 | Construir | Siege Workshop |
| 19:03 | Construir | House |
| 19:11 | Crear | Villager (Male) |
| 19:13 | Investigar | Bow Saw |
| 19:19 | Crear | Mangonel |
| 19:29 | Construir | Mining Camp |
| 19:31 | Crear | Villager (Male) |
| 19:45 | Crear | Villager (Male) |
| 19:45 | Crear | Villager (Male) |
| 19:48 | Construir | Farm |
| 19:53 | Crear | Villager (Male) |
| 20:07 | Crear | Villager (Male) |
| 20:29 | Crear | Villager (Male) |
| 20:44 | Crear | Villager (Male) |
| 20:50 | Crear | Villager (Male) |
| 21:05 | Crear | Villager (Male) |
| 21:08 | Construir | Farm |
| 21:08 | Construir | Farm |
| 21:08 | Construir | Farm |
| 21:08 | Construir | Farm |
| 21:09 | Construir | Farm |
| 21:10 | Crear | Villager (Male) |
| 21:18 | Crear | Mangonel |
| 21:24 | Crear | Scorpion |
| 21:24 | Crear | Scorpion |
| 21:31 | Construir | Farm |
| 21:32 | Construir | Farm |
| 22:17 | Crear | Villager (Male) |
| 22:21 | Crear | Villager (Male) |
| 22:22 | Crear | Villager (Male) |
| 22:23 | Crear | Villager (Male) |
| 22:36 | Construir | Town Center |
| 22:45 | Crear | Villager (Male) |
| 22:46 | Crear | Villager (Male) |
| 22:47 | Crear | Villager (Male) |
| 22:49 | Construir | Farm |
| 22:50 | Construir | Farm |
| 22:50 | Construir | Farm |
| 22:50 | Construir | Farm |
| 23:01 | Crear | Villager (Male) |
| 23:17 | Crear | Villager (Male) |
| 23:21 | Construir | Farm |
| 23:22 | Construir | Farm |
| 23:25 | Construir | Farm |
| 23:30 | Crear | Villager (Male) |
| 23:31 | Crear | Villager (Male) |
| 23:44 | Construir | Farm |
| 23:45 | Construir | Farm |
| 23:51 | Construir | House |
| 23:51 | Construir | House |
| 23:55 | Construir | House |
Cronología de la partida
| 4:09 | KIV.YourAddHere · first_building Barracks |
| 7:09 | Mutn · first_building Barracks |
| 7:49 | Mutn · wall_segment Palisade Wall x2 |
| 8:07 | Mutn · wall_segment Palisade Wall x4 |
| 8:32 | Mutn · wall_segment Palisade Wall x4 |
| 8:44 | Mutn · wall_segment Palisade Wall x10 |
| 9:02 | Mutn · wall_segment Palisade Wall x8 |
| 9:39 | Mutn · age_up feudal |
| 9:40 | Mutn · first_building Archery Range |
| 9:55 | Mutn · wall_segment Palisade Wall x1 |
| 9:56 | Mutn · wall_segment Palisade Wall x1 |
| 9:59 | Mutn · wall_segment Palisade Wall x1 |
| 10:28 | KIV.YourAddHere · age_up feudal |
| 10:38 | Mutn · wall_segment Palisade Wall x1 |
| 11:01 | Mutn · wall_segment Palisade Wall x1 |
| 11:10 | KIV.YourAddHere · first_building Archery Range |
| 13:17 | Mutn · wall_segment Palisade Wall x7 |
| 14:37 | KIV.YourAddHere · wall_segment Palisade Wall x8 |
| 14:41 | KIV.YourAddHere · wall_segment Palisade Wall x1 |
| 14:46 | KIV.YourAddHere · wall_segment Palisade Wall x7 |
| 16:23 | KIV.YourAddHere · wall_segment Palisade Wall x12 |
| 16:28 | Mutn · wall_segment Palisade Wall x1 |
| 16:32 | Mutn · wall_segment Palisade Wall x1 |
| 18:03 | KIV.YourAddHere · wall_segment Palisade Wall x14 |
| 18:44 | Mutn · age_up castle |
| 18:58 | Mutn · first_building Siege Workshop |
| 20:56 | KIV.YourAddHere · first_market_sell 100 stone |
| 20:56 | KIV.YourAddHere · first_market_buy 100 food |
| 23:45 | KIV.YourAddHere · first_building Stable |
| 24:13 | KIV.YourAddHere · age_up castle |
| 25:35 | KIV.YourAddHere · first_building Monastery |
| 25:53 | KIV.YourAddHere · first_building Siege Workshop |
| 27:08 | Mutn · first_building Castle |
| 27:42 | Mutn · first_building Stable |
| 29:42 | KIV.YourAddHere · first_building Castle |
| 30:41 | Mutn · wall_segment Stone Wall x5 |
| 32:46 | Mutn · wall_segment Stone Wall x8 |
| 33:02 | Mutn · first_market_buy 100 food |
| 33:09 | Mutn · first_market_sell 100 wood |
| 35:43 | Mutn · age_up imperial |
| 36:33 | KIV.YourAddHere · age_up imperial |
| 38:44 | KIV.YourAddHere · resign |
[ ANÁLISIS IA · 1 CRÉDITO ]
¿Qué pasó realmente en esta partida?
Wolo.gg analiza cada decisión: build order, eco, micro, errores típicos por bracket. Análisis personalizado por WhatsApp o Discord en 30 segundos.
Guía civ
Chinos
Perfil
Jugador #389780